cohdb
Replays
Latest Replays
All Replays
Popular Replays
Top Player Replays
Match Explorer
How It Works
Community
CoH3 Stats
Reddit
Sign in to upload your games and track your stats! →
Sign in with Steam
Match 42236902
Unlisted
Match 42236902
Overview
Messages
Build Orders
End
Selects Italian Infantry
Panzergrenadier Squad
Kradschützen Motorcycle Team
250 Light Carrier
Panzergrenadier Squad
Construct Light Support Kompanie
250 Light Carrier
Fire Support Elements
Selects Guastatori Squad
Guastatori Squad
le.IG 18 Support Gun Team
Selects Defensive Operations
Selects L6/40 Light Tank Combat Group
Combat Half-tracks
99hour
HermioneGrandG
Insomniac
EnduringKettle
0
0
Comments
sign in to comment!
No comments posted yet!